[Event "*** Titled Tuesday Blitz"]
[Site "Chess.com"]
[Date "2021.04.06"]
[Round "2"]
[White "kidagent"]
[Black "kingofthenil"]
[Result "0-1"]
[WhiteElo "2327"]
[BlackElo "2635"]
[TimeControl "180+1"]
[EndTime "10:18:07 PDT"]
[Termination "kingofthenil won by checkmate"]

1. e4 c6 2. d4 d5 3. Nc3 dxe4 4. Nxe4 Nd7 5. Bd3 Ndf6 6. Nxf6+ Nxf6 7. c3 Qc7 8. Ne2 e5 9. dxe5 Qxe5 10. Bf4 Qe7 11. O-O Be6 12. Re1 Nd5 13. Bg3 O-O-O 14. Nd4 Qf6 15. Qa4 Bd6 16. Nxc6 Bxg3 17. Nxa7+ Kb8 18.
hxg3 Bd7 19. Nb5 Bxb5 20. Bxb5 h5 21. Rad1 h4 22. gxh4 Rxh4 23. Re4 Rh6 24. Rxd5 Rxd5 25. Re8+ Kc7 26. Qc4+ Kd6 27. Qc8 Rd1+ 28. Bf1 Rh1+ 29. Kxh1 Rxf1+ 30. Kh2 Qf4+ 31. g3 Qxf2+ 32. Kh3 Rh1+ 33.
Kg4 f5+ 34. Kg5 Qxg3+ 35. Kxf5 Rh5+ 36. Ke4 Rh4+ 37. Kf5 Qf4+ 38. Kg6 Qf6# 0-1

[Event "*** Titled Tuesday Blitz"]
[Site "Chess.com"]
[Date "2021.04.06"]
[Round "2"]
[White "BJthechessgod"]
[Black "Snegokhod"]
[Result "0-1"]
[WhiteElo "2300"]
[BlackElo "2558"]
[TimeControl "180+1"]
[EndTime "10:18:07 PDT"]
[Termination "Snegokhod won on time"]

1. e4 c5 2. Nf3 d6 3. d4 cxd4 4. Nxd4 Nf6 5. Nc3 a6 6. Bc4 e6 7.
Bb3 Be7 8. O-O O-O 9. Be3 Nc6 10. f4 Bd7 11. Qf3 Nxd4 12. Bxd4 Bc6 13. Rae1 b5 14. a3 a5 15. f5 e5 16. Bf2 b4 17. axb4 axb4 18. Nd5 Bxd5 19. Bxd5 Nxd5 20. exd5 Bf6 21. Re4 Qa5 22. Rg4 Rfc8 23. Bh4 Qd8 24. Qg3 Bxh4 25. Rxh4 Qf6 26. Rxb4 Rxc2 27. Qb3 Rcc8 28. Rb6 h6 29.
Qb4 Rd8 30. Qg4 Rac8 31. b4 Rc2 32. b5 Rd2 33. Qe4 Rd4 34. Qe3 Rxd5 35. Rb7 Rc5 36. b6 Rb5 37. Rc7 Rb8 38. Rfc1 R5xb6 39. Rc8+ Kh7 40. Rxb8 Rxb8 41. Qe4 Rd8 42. Rd1 g6 43.
fxg6+ Qxg6 44. Qb7 Kg7 45. Qd5 Qe6 46. Qf3 d5 47.
Qg3+ Kh7 48. Re1 e4 49. Qf4 f5 0-1

[Event "*** Titled Tuesday Blitz"]
[Site "Chess.com"]
[Date "2021.04.06"]
[Round "2"]
[White "Mikhail_Golubev"]
[Black "BrandonJacobson"]
[Result "0-1"]
[WhiteElo "2558"]
[BlackElo "2884"]
[TimeControl "180+1"]
[EndTime "10:18:08 PDT"]
[Termination "BrandonJacobson won on time"]

1. e4 c5 2. Nf3 Nc6 3. Nc3 g6 4. d4 cxd4 5. Nxd4 Bg7 6. Be3 Nf6 7. Nxc6 bxc6 8. e5 Ng8 9. Bd4 f6 10. f4 Nh6 11. exf6 exf6 12. Bc5 Nf5 13. Qe2+ Kf7 14.
O-O-O d5 15. g4 Nd6 16. Bg2 Re8 17. Qd3 Be6 18. f5 gxf5 19. Rhf1 fxg4 20. Nxd5 cxd5 21. Bxd5 Rc8 22. Bxe6+ Rxe6 23. Bxd6 Rc6 24. Bf4 Qxd3 25. Rxd3 Re2 26. c3 Kg6 27. Rd6 Rxd6 28. Bxd6 f5 0-1

[Event "*** Titled Tuesday Blitz"]
[Site "Chess.com"]
[Date "2021.04.06"]
[Round "2"]
[White "jacky72"]
[Black "Ind1anStar"]
[Result "1-0"]
[WhiteElo "2727"]
[BlackElo "2499"]
[TimeControl "180+1"]
[EndTime "10:18:08 PDT"]
[Termination "jacky72 won by resignation"]

1. d4 d5 2. c4 e6 3. Nc3 Be7 4. cxd5 exd5 5. Bf4 Nf6 6. Qc2 c6 7. e3 O-O 8. Bd3 Nbd7 9. h3 Re8 10. Nf3 Nf8 11. O-O Ng6 12. Bh2 Bd6 13. Bxd6 Qxd6 14. Rab1 a5 15. a3 Bd7 16. Na4 Ne4 17.
Nb6 Rad8 18. Nxd7 Rxd7 19. Nd2 Rde7 20. Bxe4 dxe4 21. b4 axb4 22. axb4 Nh4 23. b5 Qg6 24. g3 Nf5 25. Kh2 h5 26. bxc6 bxc6 27. Rb6 h4 28. g4 Qd6+ 29. Kh1 Nxe3 30. fxe3 Qg3 31.
Nc4 Qxh3+ 32. Kg1 Qxg4+ 33. Qg2 Qh5 34. Rxc6 Re6 35. Rxe6 Rxe6 36. Ne5 f6 37. Ng6 h3 38.
Qg3 h2+ 39. Kh1 Rb6 40. Ne7+ Kf7 41. Nf5 g6 42. Nd6+ Kg7 43. Ne8+ Kf7 44. Qc7+ Kxe8 45. Qxb6 Qh3 46. Qc6+ Kd8 47. Qxf6+ Kc8 48. Rc1+ 1-0

[Event "*** Titled Tuesday Blitz"]
[Site "Chess.com"]
[Date "2021.04.06"]
[Round "2"]
[White "lagedema"]
[Black "Matols"]
[Result "1-0"]
[WhiteElo "2613"]
[BlackElo "2296"]
[TimeControl "180+1"]
[EndTime "10:18:08 PDT"]
[Termination "lagedema won by resignation"]

1. e4 e6 2. d4 d5 3. Nc3 Nf6 4. e5 Nfd7 5. Nce2 c5 6. c3 Nc6 7. f4 Be7 8. Nf3 cxd4 9. cxd4 O-O 10. g3 f6 11. Bh3 Nb6 12. O-O fxe5 13. fxe5 Bd7 14.
Nf4 Qc8 15. a4 a5 16. b3 Nd8 17. Be3 Qc3 18. Bd2 Qc7 19. Rc1 Qb8 20. Qe1 Qa7 21. Rc7 g5 22. Nxe6 Bxe6 23. Bxe6+ Nxe6 24. Rxe7 g4 25.
Rxe6 gxf3 26. Bh6 Rf7 27. Qe3 Nd7 28. Rd6 Re8 29. Rxd5 Qb6 30. Bf4 Qb4 31. Rb5 Qe7 32. Qxf3 1-0

[Event "*** Titled Tuesday Blitz"]
[Site "Chess.com"]
[Date "2021.04.06"]
[Round "2"]
[White "IljaJoke"]
[Black "MVM2008"]
[Result "1-0"]
[WhiteElo "2485"]
[BlackElo "2118"]
[TimeControl "180+1"]
[EndTime "10:18:09 PDT"]
[Termination "IljaJoke won by checkmate"]

1. e4 e5 2. Nf3 Nf6 3. Nxe5 d6 4.
Nf3 Nxe4 5. d3 Nf6 6. d4 d5 7. Bd3 c6 8. O-O Be7 9. Bf4 O-O 10. c3 Bd6 11. Bxd6 Qxd6 12. h3 Re8 13. Nbd2 Nbd7 14.
Qc2 b6 15. Rae1 Bb7 16. a3 g6 17. Nh2 Rxe1 18. Rxe1 Re8 19. Qd1 Qf8 20. Ng4 Nxg4 21. hxg4 Nf6 22. g5 Nh5 23. g3 Ng7 24. Nf3 f6 25. gxf6 Rxe1+ 26. Qxe1 Qxf6 27. Ne5 Qe6 28. Kg2 c5 29. Be2 cxd4 30. Bg4 Nf5 31. cxd4 h5 32. Bh3 Bc8 33. Bxf5 Qxf5 34. Qe3 Qh3+ 35. Kg1 Bf5 36. Qf4 Kg7 37. Qg5 Be4 38. Qe7+ Kg8 39. Qf7+ Kh8 40. Nxg6+ Bxg6 41. Qxg6 a5 42. Qf6+ Kh7 43. Qf7+ Kh6 44. Qxd5 Qc8 45. Qd6+ Kg7 46. Qxb6 Qc1+ 47. Kg2 Qd2 48.
Qb7+ Kg6 49. d5 Qd4 50. Qc6+ Kg5 51. d6 Kg4 52. d7 h4 53. Qg6# 1-0

[Event "*** Titled Tuesday Blitz"]
[Site "Chess.com"]
[Date "2021.04.06"]
[Round "2"]
[White "svilson23"]
[Black "SaqoChess_Twitch"]
[Result "0-1"]
[WhiteElo "2239"]
[BlackElo "2464"]
[TimeControl "180+1"]
[EndTime "10:18:09 PDT"]
[Termination "SaqoChess_Twitch won by resignation"]

1. e4 c5 2. Nf3 d6 3. Bb5+ Bd7 4. Bxd7+ Nxd7 5. c4 Ngf6 6. Nc3 e6 7. d4 cxd4 8. Nxd4 a6 9. O-O Be7 10. Be3 O-O 11.
Rc1 Rc8 12. Qe2 Qa5 13. Rfd1 Ne5 14. b3 Nc6 15. Nc2 Rfd8 16. Ne1 Ne5 17. h3 Rb8 18. f4 Nc6 19. Nf3 b5 20. cxb5 axb5 21. g4 b4 22. Na4 Rdc8 23. Bf2 d5 24. g5 Nxe4 25. Be3 Nd8 26. Rc2 Rxc2 27. Qxc2 Nc3 28.
Nxc3 bxc3 29. Bd4 Bc5 30. Kg2 Bxd4 31. Rxd4 Rc8 32. Ra4 Qc5 33. Nd4 Nc6 34. Nxc6 Qxc6 35. Rd4 Qc5 36. Rd3 d4 37. a4 Qd5+ 38. Kg3 Qe4 39.
a5 e5 40. fxe5 Qxe5+ 41. Kf2 Qxa5 42. h4 Qf5+ 43. Kg2 Qg4+ 44. Rg3 Qxh4 45. b4 Qf4 46. b5 Qc7 47. Rh3 g6 48. Rd3 Qb7+ 49. Kh2 Qxb5 50. Rxd4 Qe5+ 0-1

[Event "*** Titled Tuesday Blitz"]
[Site "Chess.com"]
[Date "2021.04.06"]
[Round "2"]
[White "Nachsueb"]
[Black "Redbandit87"]
[Result "1-0"]
[WhiteElo "2198"]
[BlackElo "2407"]
[TimeControl "180+1"]
[EndTime "10:18:09 PDT"]
[Termination "Nachsueb won by resignation"]

1. d4 d5 2. c4 e6 3. Nc3 Nf6 4. Bg5 Bb4 5. Nf3 dxc4 6. e3 a6 7. Bxc4 b5 8. Bd3 Bb7 9. O-O Nbd7 10. Qe2 O-O 11. e4 h6 12. Bh4 Bxc3 13. bxc3 g5 14. Bg3 Re8 15. e5 Nd5 16. Qe4 Nf8 17. h4 Nf4 18. Qxb7 Nxd3 19. hxg5 hxg5 20. Qe4 Nb2 21.
Qg4 Nh7 22. Nh2 Kh8 23. Qh5 Qe7 24. Ng4 Rg8 25. Nf6 Rg7 26. f4 g4 27. Bh4 Qa3 28.
Nxg4 Qxc3 29. Bf6 Qxd4+ 30. Kh2 Rg8 31. Nh6 Nd3 32. Nxg8 Kxg8 33. Bxg7 Kxg7 34. Qg4+ Kf8 35. Rad1 c5 36. Qh4 Kg7 37. Qg3+ Kf8 38. Qxd3 Qxd3 39.
Rxd3 Ke7 40. Rd6 a5 41. Rb6 b4 42. Rc6 Nf8 43. Rc7+ Kd8 44. Rxc5 Ng6 45. Rxa5 Kc7 46. Rb5 Kc6 47. Rxb4 Kd5 48. a4 Nh4 49. a5 f6 50.
exf6 1-0

[Event "*** Titled Tuesday Blitz"]
[Site "Chess.com"]
[Date "2021.04.06"]
[Round "2"]
[White "elohunter1999"]
[Black "BlueWizzard"]
[Result "1-0"]
[WhiteElo "2535"]
[BlackElo "2760"]
[TimeControl "180+1"]
[EndTime "10:18:10 PDT"]
[Termination "elohunter1999 won by resignation"]

1. d4 a6 2. c4 d6 3. Nc3 Nd7 4. e4 e5 5. Nf3 g6 6. Be2 Bg7 7. O-O Ngf6 8. Be3 O-O 9. d5 Ng4 10. Bg5 Bf6 11. Bd2 Bg7 12. b4 Bh6 13. Rc1 Qe7 14. c5 f5 15. Bxh6 Nxh6 16. Nd2 f4 17. Nc4 g5 18. f3 dxc5 19. d6 cxd6 20. Nd5 Qd8 21. Nxd6 g4 22. fxg4 Kh8 23. bxc5 Nf6 24.
h3 Be6 25. Bf3 Nhg8 26. Qb3 Rb8 27. Rfd1 Qd7 28. Qc3 Bxd5 29. exd5 Rfe8 30. Nxe8 Rxe8 31. g5 Qf5 32. gxf6 Nxf6 33. Re1 Kg8 34. d6 e4 35. Qc4+ Kg7 36. d7 Qxd7 37. Bxe4 Qd2 38. Re2 Qa5 39. Bf3 Qd8 40. Rxe8 Qxe8 41. Qxf4 Qe6 42. Rd1 Qxa2 43. Rd6 Qb2 44. Qxf6+ Qxf6 45. Rxf6 Kxf6 46. Bxb7 a5 47. Bd5 Ke5 48. c6 Kd6 49. Kf2 h5 50. g4 h4 51. g5 a4 52. g6 a3 53. g7 a2 1-0

[Event "*** Titled Tuesday Blitz"]
[Site "Chess.com"]
[Date "2021.04.06"]
[Round "2"]
[White "Jumbo"]
[Black "davidkalashian"]
[Result "1-0"]
[WhiteElo "2837"]
[BlackElo "2540"]
[TimeControl "180+1"]
[EndTime "10:18:11 PDT"]
[Termination "Jumbo won on time"]

1. d4 Nf6 2. Bf4 e6 3. Nf3 b6 4. e3 Bb7 5. Bd3 Be7 6. h3 O-O 7. O-O c5 8. c3 cxd4 9. exd4 d6 10. Re1 Nbd7 11. Nbd2 Re8 12. a4 a6 13. Qe2 Nf8 14.
Bh2 Ng6 15. Nc4 Bf8 16. a5 b5 17. Nb6 Ra7 18. Ng5 Nd5 19. Qh5 Nf6 20. Qd1 Nd5 21. Bxg6 Qxg5 22. Be4 Nf4 23. Bxb7 Rxb7 24. Qf3 Rxb6 25.
Bxf4 1-0

[Event "*** Titled Tuesday Blitz"]
[Site "Chess.com"]
[Date "2021.04.06"]
[Round "2"]
[White "kubal123"]
[Black "Snowflake"]
[Result "1-0"]
[WhiteElo "2210"]
[BlackElo "2495"]
[TimeControl "180+1"]
[EndTime "10:18:11 PDT"]
[Termination "kubal123 won by checkmate"]

1. d4 Nf6 2. Bf4 g6 3. e3 Bg7 4.
Nf3 O-O 5. Be2 Nc6 6. O-O d5 7. c4 Bg4 8. Nc3 a6 9. Ne5 Bxe2 10. Qxe2 Nxe5 11. dxe5 Nd7 12. Nxd5 Nxe5 13. Rfd1 c6 14.
Nf6+ Bxf6 15. Rxd8 Rfxd8 16. Rd1 Rxd1+ 17. Qxd1 Nxc4 18. b3 Ne5 19. Bxe5 Bxe5 20. Qd7 Rb8 21. Qxe7 Bg7 22.
Qc7 Re8 23. Qxb7 Rd8 24. g3 a5 25. Qxc6 Rd1+ 26. Kg2 Rd2 27. Qc8+ Bf8 28. a3 Ra2 29. a4 Rd2 30. h4 Rd5 31. Qb7 Rc5 32. b4 axb4 33. Qxb4 h5 34. a5 Rc7 35. Qb6 Rc8 36. Qb7 Re8 37. a6 Re7 38. Qxe7 Bxe7 39. a7 Bf6 40. a8=Q+ Kg7 41. Qd5 Be5 42. e4 Bf6 43. f4 Be7 44. Kf3 Kf8 45. f5 Bf6 46.
fxg6 fxg6 47. e5 Kg7 48. exf6+ Kh6 49. Qg5+ Kh7 50. Qc1 g5 51. Qc7+ Kg6 52. Qg7+ Kf5 53.
Qxg5+ Ke6 54. f7 Kxf7 55. Qxh5+ Kf6 56. Qg5+ Kf7 57. Qc1 Kg6 58. Qb1+ Kh5 59. Qf5+ Kh6 60. Qd5 Kg7 61. Qc6 Kf7 62. g4 Ke7 63. Kf4 Kf7 64. h5 Kg7 65. g5 Kf8 66. Kf5 Ke7 67. h6 Kf8 68. Qb7 Kg8 69. Kg6 Kf8 70. Qf7# 1-0

[Event "*** Titled Tuesday Blitz"]
[Site "Chess.com"]
[Date "2021.04.06"]
[Round "2"]
[White "PowerThinking2650"]
[Black "rududuyk"]
[Result "0-1"]
[WhiteElo "2399"]
[BlackElo "2170"]
[TimeControl "180+1"]
[EndTime "10:18:11 PDT"]
[Termination "rududuyk won on time"]

1. e4 e6 2. d4 d5 3. Nd2 Nf6 4. e5 Nfd7 5. Bd3 c5 6. c3 Nc6 7. Ne2 cxd4 8. cxd4 f6 9. exf6 Nxf6 10. Nf3 Bd6 11.
O-O Qc7 12. g3 O-O 13. Bf4 Nh5 14. Bxd6 Qxd6 15. Ng5 h6 16. Bh7+ Kh8 17. Bg6 hxg5 18. Bxh5 e5 19. dxe5 Nxe5 20. Nd4 g4 21. h3 gxh3 22.
f4 Nc4 23. Rf2 Bf5 24. b3 Ne3 25. Qf3 Rae8 26. Nxf5 Nxf5 27. Bg4 Re3 28. Qxe3 Nxe3 29. Bxh3 g6 30. Re1 d4 31. Rd2 Qb4 32. Ree2 Kg7 33. Be6 Rh8 34. Bc4 Qc5 35. Rxe3 dxe3 36. Rd7+ Kf6 37.
Kf1 Qc6 38. Rd5 Rh2 39. g4 Rf2+ 40. Ke1 Rxf4 41. g5+ Kg7 42. a4 Qc7 0-1

[Event "*** Titled Tuesday Blitz"]
[Site "Chess.com"]
[Date "2021.04.06"]
[Round "2"]
[White "SF-96"]
[Black "PSvidler"]
[Result "0-1"]
[WhiteElo "2571"]
[BlackElo "2963"]
[TimeControl "180+1"]
[EndTime "10:18:13 PDT"]
[Termination "PSvidler won by resignation"]

1. Nf3 g6 2. g3 Bg7 3. d4 c5 4. Bg2 cxd4 5. Nxd4 Nc6 6. Nb3 a5 7. a4 Nf6 8. O-O O-O 9. Nc3 d6 10.
h3 Be6 11. e4 Rc8 12. Be3 Nd7 13. Rb1 Nde5 14. Nd5 Nc4 15. Bc1 Nb4 16. Nd4 Bxd5 17.
exd5 Nb6 18. c3 N4xd5 19. Qb3 e6 20. Rd1 Qd7 21. Nb5 Nc4 22. Bxd5 exd5 23. Kg2 Rfe8 24. Qc2 Qe6 25. Bf4 h6 26. h4 Qg4 27. Qd3 Re2 28.
Qf3 Qxf3+ 29. Kxf3 Rxb2 30. Rxb2 Nxb2 31. Rxd5 Nxa4 32.
Bxd6 Nxc3 33. Nxc3 Rxc3+ 34. Ke4 a4 35. Bb4 Rc4+ 0-1

[Event "*** Titled Tuesday Blitz"]
[Site "Chess.com"]
[Date "2021.04.06"]
[Round "2"]
[White "ukchessbomber"]
[Black "MarcoRiehle"]
[Result "0-1"]
[WhiteElo "2475"]
[BlackElo "2677"]
[TimeControl "180+1"]
[EndTime "10:18:13 PDT"]
[Termination "MarcoRiehle won on time"]

1. d4 d5 2. c4 e6 3. Nc3 c5 4. cxd5 cxd4 5. Qxd4 Nc6 6. Qd1 exd5 7. Qxd5 Be6 8. Qg5 Nd4 9. Qd2 Nf6 10. e3 Nc6 11. Bb5 Qb6 12. Nf3 Bb4 13. Qe2 O-O 14. O-O Rac8 15.
Bd2 a6 16. Bd3 Rfe8 17. a3 Bf8 18. b4 Bg4 19. h3 Nd4 20. exd4 Rxe2 21. Nxe2 Bxf3 22.
gxf3 Bd6 23. Rac1 Rd8 24. Bg5 Bb8 25. Kh1 Qd6 26. Bf4 Qe6 27. Bxb8 Qxh3+ 28. Bh2 Qxf3+ 29. Kg1 Qxd3 30. Rfe1 h6 31. Rc3 Qd2 32. Rcc1 Rd5 33. Bf4 Qb2 34. Rc8+ Kh7 35. Be5 Qd2 36. Rcc1 Ng4 37.
Bf4 Qb2 38. f3 Nf6 39. Be5 Rxe5 40. dxe5 Qxe5 41. Kg2 Nd5 42. Ng3 Nf4+ 43. Kh1 Qg5 0-1

[Event "*** Titled Tuesday Blitz"]
[Site "Chess.com"]
[Date "2021.04.06"]
[Round "2"]
[White "dhaessel"]
[Black "Vyacheslav_N"]
[Result "1-0"]
[WhiteElo "2077"]
[BlackElo "2374"]
[TimeControl "180+1"]
[EndTime "10:18:13 PDT"]
[Termination "dhaessel won on time"]

1. d4 Nf6 2. c4 e6 3. Nc3 Bb4 4. e3 O-O 5. Bd3 c5 6. Ne2 Na6 7. O-O Qe7 8. a3 Bxc3 9. Nxc3 b6 10. d5 d6 11. e4 Nc7 12. b4 h6 13. f4 exd5 14.
cxd5 Re8 15. Re1 Bd7 16. h3 Nfxd5 17. Bd2 Nxc3 18. Bxc3 Bb5 19. Bc2 Rad8 20. Qg4 Ne6 21. Bb3 Nd4 22. Rad1 Bd7 23. Qg3 Be6 24. Bxd4 cxd4 25.
Bxe6 Qxe6 26. Rxd4 d5 27. Red1 Rc8 28. exd5 Qe2 29. d6 Rc2 30. d7 Rd8 31. Re1 1-0

[Event "*** Titled Tuesday Blitz"]
[Site "Chess.com"]
[Date "2021.04.06"]
[Round "2"]
[White "DKmirl"]
[Black "elegant285"]
[Result "0-1"]
[WhiteElo "1976"]
[BlackElo "2372"]
[TimeControl "180+1"]
[EndTime "10:18:13 PDT"]
[Termination "elegant285 won on time"]

1. d4 Nf6 2. c4 c5 3. Nf3 cxd4 4. Nxd4 e5 5. Nf3 d5 6. cxd5 e4 7. Nd4 Bb4+ 8. Bd2 Bxd2+ 9. Qxd2 O-O 10. e3 Qxd5 11. Be2 Nc6 12. Nxc6 Qxc6 13. O-O Be6 14. Nc3 Rfd8 15. Qc2 Bc4 16. Rfd1 b5 17. Bxc4 Qxc4 18. Qe2 Rd3 19. Rd2 Rad8 20. Rad1 h6 21. h3 b4 22. Nb1 Qxa2 23. Rxd3 exd3 24. Qd2 a5 25. Kh2 Ne4 26. Qc1 Nxf2 27. Rf1 Ne4 28. Qc7 Re8 29. Qc6 Qe6 30. Qc1 Qe5+ 31. Kh1 Ng3+ 32. Kg1 Ne2+ 0-1

[Event "*** Titled Tuesday Blitz"]
[Site "Chess.com"]
[Date "2021.04.06"]
[Round "2"]
[White "MuhittinBuker"]
[Black "BendyBear"]
[Result "0-1"]
[WhiteElo "2194"]
[BlackElo "2428"]
[TimeControl "180+1"]
[EndTime "10:18:14 PDT"]
[Termination "BendyBear won by checkmate"]

1. c4 e5 2. Nc3 Nc6 3. Nf3 f5 4. d3 Bb4 5. g3 Bxc3+ 6. bxc3 Nf6 7. Bg2 d6 8. O-O O-O 9. Bg5 Kh8 10. Bxf6 Rxf6 11. Nd2 Rh6 12. e3 Qe8 13. d4 Bd7 14. Rb1 Rb8 15. Rb2 b6 16. Qe2 Qf7 17. Rfb1 Re8 18.
c5 f4 19. Qf3 Qg6 20. exf4 exd4 21. cxb6 axb6 22. Ne4 Bg4 23. Qd3 Bf5 24. f3 d5 25.
g4 dxe4 26. gxf5 Qh5 27. fxe4 Qxh2+ 28. Kf2 dxc3 29. Qxc3 Qxf4+ 30. Qf3 Qh4+ 31. Qg3 Qf6 32. Qxc7 Ne5 33. Rxb6 Ng4+ 34. Kg1 Qd4+ 35. Kf1 Qf2# 0-1

[Event "*** Titled Tuesday Blitz"]
[Site "Chess.com"]
[Date "2021.04.06"]
[Round "2"]
[White "AlleyOoper"]
[Black "HanSchut"]
[Result "1-0"]
[WhiteElo "2474"]
[BlackElo "2253"]
[TimeControl "180+1"]
[EndTime "10:18:15 PDT"]
[Termination "AlleyOoper won by resignation"]

1. d4 Nf6 2. Nc3 d5 3. Bf4 e6 4. Nb5 Na6 5. a3 Ne4 6. f3 Nd6 7. e3 c6 8. Nxd6+ Bxd6 9. Bxd6 Qxd6 10. Qd2 c5 11. Ne2 cxd4 12. exd4 Nc7 13. Qf4 Qxf4 14. Nxf4 O-O 15. h4 Bd7 16. a4 Rac8 17. c3 Ne8 18. Nd3 Nd6 19. Ne5 Rfd8 20. g4 f6 21. Nd3 Nc4 22.
Kf2 b6 23. g5 Kf7 24. Bh3 Rc7 25. Rhe1 Re8 26. Re2 f5 27. Ne5+ Nxe5 28. Rxe5 Rc4 29.
a5 b5 30. Bf1 Rc7 31. Ke3 Rb8 32. Rc1 b4 33. c4 dxc4 34. Rxc4 Rxc4 35. Bxc4 b3 36.
Rxf5+ Ke7 37. Rc5 Rb4 38. Kd3 Kd6 39. Kc3 Ra4 40. Bxb3 Ra1 41. Re5 Rf1 42. Re3 Rh1 43. Re4 Rh3 44. Rf4 Bc6 45. Rf7 Bxf3 46. Kb4 Bd5 47. Bxd5 Kxd5 48. Rxa7 Rxh4 49. Rxg7 Rxd4+ 50. Kb5 Rd2 51. b4 e5 52. Rd7+ Ke6 53. Rxd2 1-0

[Event "*** Titled Tuesday Blitz"]
[Site "Chess.com"]
[Date "2021.04.06"]
[Round "2"]
[White "Annagozel"]
[Black "Zarikovs1999"]
[Result "0-1"]
[WhiteElo "1819"]
[BlackElo "2361"]
[TimeControl "180+1"]
[EndTime "10:18:15 PDT"]
[Termination "Zarikovs1999 won on time"]

1. e4 c5 2. Nf3 Nc6 3. d4 cxd4 4. Nxd4 Nf6 5. Nc3 d6 6. Be2 e5 7. Nb3 Be7 8. O-O O-O 9. Be3 Be6 10. f3 d5 11. exd5 Nxd5 12. Nxd5 Bxd5 13. c4 Be6 14. Nc5 Bxc5 15. Bxc5 Nd4 16. Bxd4 exd4 17. b3 Qb6 18. Kh1 Rad8 19. Bd3 Rfe8 20. Re1 Qc5 21. Qe2 g6 22. Qe5 Qb4 23. Qf6 Bf5 24. Be4 Bxe4 25. fxe4 d3 26. h4 d2 27. Rf1 Rd7 28. h5 Re6 29. Qf4 Qc5 30. Qb8+ Kg7 31. h6+ Kxh6 32. Rad1 Rxe4 33. Qg3 Qh5+ 34. Kg1 f5 0-1

[Event "*** Titled Tuesday Blitz"]
[Site "Chess.com"]
[Date "2021.04.06"]
[Round "2"]
[White "DrRiebert"]
[Black "Didici"]
[Result "0-1"]
[WhiteElo "2440"]
[BlackElo "2673"]
[TimeControl "180+1"]
[EndTime "10:18:16 PDT"]
[Termination "Didici won on time"]

1. e4 e5 2. Nf3 Nc6 3. d4 exd4 4.
Nxd4 Bc5 5. Nb3 Bb6 6. Nc3 Nge7 7. Qe2 d6 8. Be3 O-O 9. O-O-O f5 10. f4 fxe4 11.
g3 d5 12. Nxe4 Nf5 13. Bxb6 axb6 14. Nc3 d4 15. a3 Re8 16. Qf2 Ne3 17. Rd2 Be6 18.
Nxd4 Nxd4 19. Qxe3 c5 20. Qf2 Bd5 21. Bg2 Bc6 22. Bxc6 bxc6 23. Re1 Rxe1+ 24. Qxe1 Qd7 25. Qf2 Qf7 26. Kb1 b5 27. Ne2 Ne6 28. Qe3 b4 0-1

[Event "*** Titled Tuesday Blitz"]
[Site "Chess.com"]
[Date "2021.04.06"]
[Round "2"]
[White "AsaHoffmann"]
[Black "serhanberat_ozdemir"]
[Result "0-1"]
[WhiteElo "2352"]
[BlackElo "2626"]
[TimeControl "180+1"]
[EndTime "10:18:16 PDT"]
[Termination "serhanberat_ozdemir won on time"]

1. d4 Nf6 2. Bg5 g6 3. Nc3 d5 4. f3 Bg7 5. e4 dxe4 6. fxe4 O-O 7. Nf3 c5 8. d5 Qa5 9. Qd2 e6 10. d6 Bd7 11. e5 Nd5 12. Nxd5 Qxd2+ 13. Kxd2 exd5 14.
Be7 Re8 15. Be2 Nc6 16. Bb5 Nxe5 17. Bxd7 Nxd7 18. Rae1 Nf6 19. c3 Ne4+ 20. Kc2 Bf8 21. Ng5 Bxe7 22. Nxe4 dxe4 23. dxe7 Rxe7 24. g4 Rd8 25.
Rhf1 Rd5 26. Re3 h6 27. Kb3 b5 28. a4 a6 29. axb5 axb5 30. c4 Rd4 31. cxb5 Rb7 32. Rf4 Rxb5+ 33. Kc2 Rbb4 34. b3 Kg7 35. Kc3 f6 36. h4 g5 37. hxg5 hxg5 38. Rf5 Rb5 39. Rxc5 Rd3+ 40. Rxd3 Rxc5+ 0-1

[Event "*** Titled Tuesday Blitz"]
[Site "Chess.com"]
[Date "2021.04.06"]
[Round "2"]
[White "Alohamora11"]
[Black "rachidhuilda"]
[Result "1-0"]
[WhiteElo "2466"]
[BlackElo "2242"]
[TimeControl "180+1"]
[EndTime "10:18:16 PDT"]
[Termination "Alohamora11 won on time"]

1. e4 d5 2. exd5 Qxd5 3. Nc3 Qa5 4. Nf3 c6 5. d4 Nf6 6. h3 Bf5 7. Bc4 e6 8. O-O Nbd7 9. Bf4 Be7 10. Ne5 Nxe5 11.
Bxe5 O-O 12. a3 Rfe8 13. Nb1 Qd8 14. c3 b5 15. Bd3 Bxd3 16. Qxd3 a6 17. Nd2 c5 18.
Nf3 Qd5 19. Rad1 Red8 20. Rfe1 h6 21. Qb1 Qc6 22. Nd2 b4 23. Bxf6 Bxf6 24. Ne4 Be7 25. dxc5 bxa3 26. Rxd8+ Rxd8 27. b4 a5 28. Qb3 Qd5 29.
Qxa3 axb4 30. cxb4 Qe5 31. Qe3 Qb2 32. Qc3 Qxc3 33.
Nxc3 Rd4 34. Rb1 Rc4 35. Nb5 e5 36. Na7 e4 37. c6 Bd6 38. b5 Bc7 39. b6 Bxb6 40.
Rxb6 f5 41. Nb5 f4 42. c7 Kh7 43. Rb8 1-0

[Event "*** Titled Tuesday Blitz"]
[Site "Chess.com"]
[Date "2021.04.06"]
[Round "2"]
[White "szabadaba"]
[Black "TeukkaSalama"]
[Result "1-0"]
[WhiteElo "2671"]
[BlackElo "2381"]
[TimeControl "180+1"]
[EndTime "10:18:17 PDT"]
[Termination "szabadaba won on time"]

1. e4 e5 2. Nf3 Nc6 3. Bb5 a6 4. Ba4 Nf6 5. O-O Be7 6. Re1 b5 7. Bb3 d6 8. c3 O-O 9. h3 Nb8 10. d4 Nbd7 11. Nbd2 Bb7 12. Bc2 Re8 13. Nf1 Bf8 14. Ng3 g6 15. b3 Bg7 16. d5 Rc8 17. c4 c6 18. Be3 Nb6 19. Qe2 bxc4 20. bxc4 cxd5 21. cxd5 Nbxd5 22. exd5 Nxd5 23. Bb3 Nf4 24. Qd1 d5 25. Rc1 Rxc1 26. Bxc1 d4 27. Bxf4 exf4 28. Rxe8+ Qxe8 29. Ne2 Bxf3 30. gxf3 Qd7 31.
Nxf4 Qf5 32. Nd3 Qxh3 33. Qe2 Qd7 34. Qe4 Bf6 35. Nc5 Qc8 36. Qd5 Qe8 37. Ne4 Be5 38. f4 Bg7 39. Ng5 h6 40. Nxf7 Kh7 41. f5 gxf5 42. Qxf5+ Kg8 43. Nd6+ 1-0

[Event "*** Titled Tuesday Blitz"]
[Site "Chess.com"]
[Date "2021.04.06"]
[Round "2"]
[White "Er_is_geen_hoop_meer"]
[Black "cukin84"]
[Result "1-0"]
[WhiteElo "2400"]
[BlackElo "2085"]
[TimeControl "180+1"]
[EndTime "10:18:17 PDT"]
[Termination "Er_is_geen_hoop_meer won by resignation"]

1. Nf3 f5 2. c4 Nf6 3. g3 g6 4. Bg2 Bg7 5. d4 d6 6. b4 O-O 7. Bb2 Ne4 8. O-O c5 9. bxc5 dxc5 10. Nbd2 cxd4 11. Nxe4 fxe4 12. Nxd4 e3 13. fxe3 Rxf1+ 14. Qxf1 e5 15. Bd5+ Kh8 16. Ne6 Bxe6 17. Bxe6 Nc6 18. Rb1 Qd2 19. Bc1 Qd6 20. Bd5 Rf8 21. Qg2 Na5 22.
h3 b6 23. e4 Qc5+ 24. Kh1 Rf2 25. Qg1 Qf8 26. Ba3 Qf6 27. Be7 Qxe7 28. Qxf2 h5 29. Rf1 Kh7 30. Qf7 Qc5 31. Qg8+ Kh6 32. Rf7 Qe3 33. Qxg7+ Kg5 34. Qf6+ Kh6 35. h4 Qc1+ 36.
Qf1 1-0

[Event "*** Titled Tuesday Blitz"]
[Site "Chess.com"]
[Date "2021.04.06"]
[Round "2"]
[White "AlexSuv"]
[Black "mishanick"]
[Result "0-1"]
[WhiteElo "2570"]
[BlackElo "2944"]
[TimeControl "180+1"]
[EndTime "10:18:18 PDT"]
[Termination "mishanick won by resignation"]

1. d4 Nf6 2. c4 e6 3. Nc3 Bb4 4. e3 O-O 5. Bd2 b6 6. Nf3 Bb7 7. Bd3 c5 8. a3 Bxc3 9. Bxc3 cxd4 10. exd4 d6 11. b3 Nbd7 12. O-O Rc8 13. Re1 d5 14.
Rc1 dxc4 15. bxc4 Qc7 16. Ne5 Rfd8 17. Nxd7 Nxd7 18. Re3 Qf4 19. Rg3 Nf6 20. f3 Rd7 21.
Rc2 Rcd8 22. Qd2 Rxd4 23. Qxf4 Rxf4 24. Be5 Nh5 25. Bxf4 Rxd3 26. Be5 f6 27. Bb8 Nxg3 28. hxg3 Rxa3 29. c5 bxc5 30. Rxc5 a5 31. Rc7 Bd5 32. Ra7 a4 33. Bc7 Ra1+ 34. Kh2 a3 35. Kh3 a2 36. Ra8+ Kf7 37. Bd6 Rh1+ 38. Kg4 a1=Q 0-1

[Event "*** Titled Tuesday Blitz"]
[Site "Chess.com"]
[Date "2021.04.06"]
[Round "2"]
[White "juancruzarias"]
[Black "Andreikka"]
[Result "1-0"]
[WhiteElo "2573"]
[BlackElo "2865"]
[TimeControl "180+1"]
[EndTime "10:18:18 PDT"]
[Termination "juancruzarias won by resignation"]

1. d4 Nf6 2. Nf3 e6 3. e3 b6 4. Bd3 Bb7 5. O-O c5 6. c4 Be7 7. Nc3 cxd4 8. exd4 O-O 9. d5 Bb4 10. Bg5 h6 11. Bh4 Bxc3 12. bxc3 exd5 13. cxd5 Bxd5 14. Nd4 Nc6 15. Nf5 Ne5 16. Re1 Be6 17. Rxe5 Rc8 18. Qd2 Bxf5 19. Rxf5 Rc6 20. Qf4 Qc7 21. Qxc7 Rxc7 22.
c4 Rc6 23. Bxf6 gxf6 24. Re1 Rd8 25. f3 Re6 26. Kf2 Kg7 27. Rd5 d6 28. Re4 Re5 29.
f4 Re6 30. g3 Kf8 31. Red4 f5 32. Bxf5 Rf6 33. Bd3 Ke7 34. Re4+ Kd7 35. Bc2 Re6 36. Ba4+ Kc7 37. Kf3 a6 38. Rxe6 fxe6 39. Rh5 Rh8 40. g4 d5 41. cxd5 b5 42. Bb3 exd5 43. Bxd5 Kb6 44.
g5 Rd8 45. gxh6 1-0